 Dungeon Crawl Stone Soup version 0.29.1-12-g30fa7ad0bf (webtiles) character file.

Game seed: 3569986068039250868

2 112233 the Grave Robber (level 1, 0/14 HPs)
             Began as a Ghoul Necromancer on Dec 25, 2022.
             Slain by a ball python (1 damage)
             ... on level 1 of the Dungeon.
             The game lasted 00:00:05 (63 turns).

112233 the Grave Robber (Ghoul Necromancer)           Turns: 63, Time: 00:00:06

Health: 0/14       AC:  2    Str: 11    XL:     1   Next: 40%
Magic:  2/2        EV: 12    Int: 10    God:
Gold:   5          SH:  0    Dex:  9    Spells: 2/3 levels left

rFire   . . .      SeeInvis .   (no weapon)
rCold   + . .      Faith    .   (no shield)
rNeg    + + +      Spirit   .   a - +0 robe
rPois   ∞          Reflect  .   (no helmet)
rElec   .          Harm     .   (no cloak)
rCorr   .          Rampage  .   (no gloves)
Will    .....                   (no boots)
Stlth   ++........              (no amulet)
HPRegen 0.00/turn               (no ring)
MPRegen 0.08/turn               (no ring)

@: inhibited regen
A: claws 1, cold resistance 1, negative energy resistance 3, inhibited
regeneration, torment resistance 2, devour on kill
a: no special abilities


You were on level 1 of the Dungeon.
You visited 1 branch of the dungeon, and saw 1 of its levels.

You collected 5 gold pieces.

Inventory:

Armour
 a - a +0 robe (worn)
Potions
 b - a potion of magic


   Skills:
 + Level 1.8 Dodging
 + Level 2.2 Stealth
 + Level 1.8 Spellcasting
 + Level 4.0 Necromancy


You had 2 spell levels left.
You knew the following spells:

 Your Spells              Type           Power      Damage    Failure   Level
a - Necrotise             Necr           32%        1d5       6%          1

Your spell library contained the following spells:

 Spells                   Type           Power      Damage    Failure   Level
 Vampiric Draining        Necr           8%         2d6       19%         3
 Animate Dead             Necr           8%         N/A       52%         4
 Agony                    Necr           8%         N/A       86%         5


Dungeon Overview and Level Annotations

Branches:
Dungeon (1/15)

Altars:


Innate Abilities, Weirdness & Mutations

You are immune to poison.
You have sharp fingernails.
Your flesh is cold resistant. (rC+)
You are immune to negative energy. (rN+++)
You do not regenerate when monsters are visible.
You are immune to unholy pain and torment.
You thrive by killing the living.


Message History

You scratch the jackal.
You kill the jackal!
Unknown command.
You barely miss the jackal. The jackal closely misses you. x2
A hobgoblin comes into view.
The jackal barely misses you. x2
You scratch the jackal but do no damage.
The jackal misses you.
The jackal pauses to sniff the ground.
The jackal closely misses you.
You closely miss the jackal. The jackal misses you.
The jackal bites you but does no damage.
Unknown command.
You scratch the jackal.
The jackal is heavily wounded.
The jackal misses you. x2
The jackal bites you but does no damage.
The jackal misses you.
You scratch the jackal.
The jackal is severely wounded.
The jackal misses you. The jackal barely misses you.
You scratch the jackal.
The jackal is almost dead.
The jackal misses you. The jackal barely misses you.
The giant cockroach waves its antennae.
The jackal pauses to sniff the ground.
The jackal closely misses you. The jackal bites you.
Unknown command.
You closely miss the jackal.
The jackal is almost dead.
The jackal closely misses you. The jackal completely misses you.
You scratch the jackal.
You kill the jackal!
The jackal bites you.
* * * LOW HITPOINT WARNING * * *
You scratch the ball python.
The ball python is severely wounded.
The jackal bites you.
* * * LOW HITPOINT WARNING * * *
The ball python bites you.
You die...

#..###♣♣(...♣♣#
####♣♣........# #
♣♣..........####
#♣♣..............#
♣......♣♣#######.#
...♣#### #.# ♣♣##
#.# ♣ #.# #@#
#ShB.....
##hg...#. .....#
...[..P .......
....>.♣ ......P


You could see 2 jackals, a giant cockroach, a hobgoblin and a ball python.

Vanquished Creatures
  2 jackals (D:1)
2 creatures vanquished.

Notes
Turn   | Place    | Note
-------+----------+-------------------------------------------
     0 | D:1      | 112233 the Ghoul Necromancer began the quest for the Orb.
     0 | D:1      | Reached XP level 1. HP: 14/14 MP: 2/2
    63 | D:1      | Slain by a ball python

Illustrated notes

Levels and vault maps discovered:
D:1:      sevenhm_arrival_forest_fort_large_2, layout_rooms,
          ebering_ecumenical_altar_petrified, serial_rivers,
          chequers_serial_rivers_room_b, chequers_serial_rivers_micro_e,
          chequers_serial_rivers_small_3, chequers_serial_rivers_marsh,
          chequers_serial_rivers_micro_c, chequers_serial_rivers_room_a

Action                   || total
-------------------------++-------
Melee: Unarmed           ||    17
Armor: Robe              ||     3
Dodge: Dodged            ||    28
